 Dungeon Crawl Stone Soup version 0.27.1-1-g398f81649c (webtiles) character file.

Game seed: 5831434971382976176

17188 Jabberih the Martial Artist (level 12, -2/87 HPs)
             Began as an Octopode Transmuter on Sept 6, 2021.
             Was a Believer of Ashenzari.
             Killed by the air
             ... invoked by Gastronok
              (34 damage)
             ... on level 3 of the Lair of Beasts.
             The game lasted 00:30:35 (15203 turns).

Jabberih the Martial Artist (Octopode Transmuter)  Turns: 15203, Time: 00:30:35

Health: -2/87      AC:  2    Str: 13    XL:     12   Next: 45%
Magic:  17/17      EV: 36    Int: 15    God:    Ashenzari [**....]
Gold:   813        SH:  0    Dex: 19    Spells: 4/18 levels left

rFire    . . .     SeeInvis +     - Unarmed
rCold    . . .     Faith    .   (shield currently unavailable)
rNeg     . . .     Spirit   .   (helmet currently unavailable)
rPois    .         Reflect  .   p - amulet of magic regeneration
rElec    +         Harm     .   t - ring "Lashed Suspicion" {rPois, Comp, Self} (curse)
rCorr    +         Rampage  .   v - ring of Ashenzari's Loss {EV+4, Melee, Cun} (curse)
Will     +....                  x - ring of Ashenzari's Ordeal {rElec rPois Will+ rCorr, Alch, Self} (curse)
Stlth    ++++......             y - ring of the All-seeing Comet {Fly, Bglg, Evo} (curse)
HPRegen  0.24/turn              z - ring "Oracular Seeker" {EV+4, Cun, Elem} (curse)
MPRegen  0.40/turn              (no ring)
                                (no ring)
                                (no ring)

@: spider-form (expiring), wereblooded, flying
A: venomous fangs, almost no armour, (amphibious), 8 rings, tiny, (camouflage
1), (gelatinous body 1), (nimble swimmer 1), (tentacles)
a: End Transformation, Renounce Religion, Curse Item, Shatter the Chains


You were on level 3 of the Lair of Beasts.
You worshipped Ashenzari.
Ashenzari was pleased with you.
You were a venomous arachnid creature.
You visited 3 branches of the dungeon, and saw 14 of its levels.

You collected 988 gold pieces.
You spent 175 gold pieces at shops.

Inventory:

Missiles
 f - 361 stones
 k - 42 poisoned darts (quivered)
 C - 4 throwing nets
Armour
 F - a +0 buckler
Jewellery
 i - a ring of ice
 l - an amulet of guardian spirit
 p - an amulet of magic regeneration (around neck)
 t - the cursed ring "Lashed Suspicion" (left front leg) {rPois, Comp, Self}
   (You found it on level 4 of the Dungeon)

   [ring of poison resistance]

   rPois:     It protects you from poison.
   It has a curse which improves the following skills: Companions: Summonings
   and Necromancy.
   Introspection: Fighting and Spellcasting.
 v - the cursed ring of Ashenzari's Loss (right front leg) {EV+4, Melee, Cun}
   (You found it on level 5 of the Dungeon)

   [ring of evasion]

   EV:        It affects your evasion (+4).
   It has a curse which improves the following skills: Melee Combat: Short
   Blades, Long Blades, Axes, Maces & Flails, Polearms, Staves and Unarmed
   Combat.
   Cunning:   Dodging and Stealth.
 x - the cursed ring of Ashenzari's Ordeal (on tentacle) {rElec rPois Will+ rCorr, Alch, Self}
   (You found it on level 6 of the Dungeon)

   [ring of willpower]

   rElec:     It insulates you from electricity.
   rPois:     It protects you from poison.
   rCorr:     It protects you from acid and corrosion.
   Will:      It increases your willpower.
   It has a curse which improves the following skills: Alchemy: Poison Magic and
   Transmutations.
   Introspection: Fighting and Spellcasting.
 y - the cursed ring of the All-seeing Comet (on tentacle) {Fly, Bglg, Evo}
   (You found it on level 6 of the Dungeon)

   [ring of flight]

   Fly:       It grants you flight.
   It has a curse which improves the following skills: Beguiling: Conjurations,
   Hexes and Translocations.
   Evocations: Evocations.
 z - the cursed ring "Oracular Seeker" (on tentacle) {EV+4, Cun, Elem}
   (You found it on level 6 of the Dungeon)

   [ring of evasion]

   EV:        It affects your evasion (+4).
   It has a curse which improves the following skills: Cunning: Dodging and
   Stealth.
   Elements:  Fire Magic, Ice Magic, Air Magic and Earth Magic.
Wands
 j - a wand of paralysis (1)
 D - a wand of iceblast (7)
 G - a wand of polymorph (21)
 H - a wand of mindburst (17)
 N - a wand of acid (6)
Scrolls
 a - 18 scrolls of identify
 d - 3 scrolls of brand weapon
 n - 4 scrolls of amnesia
 o - 3 scrolls of teleportation
 r - 4 scrolls of immolation
 u - 3 scrolls of enchant weapon
 w - a scroll of fog
 A - 2 scrolls of enchant armour
 E - 3 scrolls of magic mapping
 J - 2 scrolls of blinking
 K - 2 scrolls of fear
Potions
 b - 2 potions of lignification
 c - a potion of might
 e - a potion of mutation
 g - 4 potions of invisibility
 h - 2 potions of ambrosia
 m - 6 potions of flight
 q - a potion of magic
 s - a potion of resistance
 B - 4 potions of haste
 I - a potion of cancellation
 L - 2 potions of heal wounds
 M - 2 potions of brilliance


   Skills:
 + Level 7.5(9.8) Fighting
 - Level 0.2 Throwing
 + Level 7.6(10.0) Dodging
 + Level 6.9(9.3) Stealth
 * Level 14.2(15.4) Unarmed Combat
 - Level 2.0(3.7) Spellcasting
 - Level 5.5(7.0) Transmutations
 - Level 2.4(3.6) Ice Magic
 - Level 1.5(2.6) Poison Magic
 + Level 5.2(6.6) Evocations


You had 4 spell levels left.
You knew the following spells:

 Your Spells              Type           Power      Damage    Failure   Level
a - Beastly Appendage     Tmut           46%        N/A       5%          1
b - Wereblood             Tmut           23%        N/A       7%          2
c - Spider Form           Tmut/Pois      8%         N/A       21%         3
d - Ice Form              Ice/Tmut       18%        N/A       41%         4
e - Animate Skeleton      Necr           6%         N/A       36%         1
f - Confusing Touch       Hex            3%         N/A       67%         3

Your spell library contained the following spells:

 Spells                   Type           Power      Damage    Failure   Level
 Pain                     Necr           12%        1d4       36%         1
 Slow                     Hex            3%         N/A       47%         2
 Portal Projectile        Hex/Tloc       6%         N/A       67%         3
 Vampiric Draining        Necr           1%         2d6       67%         3
 Blade Hands              Tmut           11%        N/A       50%         5
 Yara's Violent Unravell  Hex/Tmut       6%         3d5       89%         5
 Excruciating Wounds      Necr           1%         N/A       100%        5


Dungeon Overview and Level Annotations

Branches:
Dungeon (10/15)            Temple (1/1) D:7            Lair (3/6) D:10
 Shoals (0/4) Lair:3        Snake (0/4) Lair:2          Orc (0/2) D:9

Altars:
Ashenzari
Cheibriados
Dithmenos
Elyvilon
Fedhas
Gozag
Hepliaklqana
Kikubaaqudgha
Makhleb
Nemelex Xobeh
Okawaru
Qazlal
Ru
Sif Muna
Trog
Uskayaw
Vehumet
Wu Jian
Xom
Yredelemnul
Zin
The Shining One
Beogh

Shops:
D:8 ?   D:9 !(

Annotations:
Lair:1 1 runed translucent door, BOMJPIETVODKU's ghost, journeyman DDFi
Lair:3 Gastronok


Innate Abilities, Weirdness & Mutations

You are a venomous arachnid creature.
You have poisonous fangs.
You are tiny and dextrous.
Your spellcasting is less reliable in this form.
Your armour is entirely melded.
You are incapable of wielding weapons or throwing items.
You cannot wear most types of armour.
((You are amphibious.))
You can wear up to eight rings at the same time.
((Your skin changes colour to match your surroundings (Stealth+).))
((Your rubbery body absorbs attacks. (AC +1, EV +1)))
((You are camouflaged near water. (Stealth+)))
((You have tentacles for arms and can constrict up to eight enemies at once.))


Message History

Gastronok is heavily wounded.
You bite Gastronok!
Gastronok is heavily wounded.
Gastronok bites you!!!
* * * LOW HITPOINT WARNING * * *
Unknown command.
Okay, then.
Aiming: Mindburst
Press: ? - help, Shift-Dir - straight line, f - Gastronok
Aim: Gastronok, wearing a +0 hat of intelligence (severely wounded, very poisoned, chance to affect: 39%) Gastronok resists with some effort.
Press: ? - help, v - describe, . - travel
Here: Gastronok, wearing a +0 hat of intelligence (severely wounded, very poisoned)
The floor.
You feel much better.
Aiming: Mindburst
Press: ? - help, Shift-Dir - straight line, f/p - Gastronok
Aim: Gastronok, wearing a +0 hat of intelligence (severely wounded, very poisoned, chance to affect: 39%) Gastronok's mind is blasted!!
Your transformation is almost over.
Aiming: Mindburst
Press: ? - help, Shift-Dir - straight line, f/p - Gastronok
Aim: Gastronok, wearing a +0 hat of intelligence (severely wounded, very poisoned, chance to affect: 39%) Gastronok's mind is blasted!!
Gastronok wobbles crazily.
Aiming: Mindburst
Press: ? - help, Shift-Dir - straight line, f/p - Gastronok
Aim: Gastronok, wearing a +0 hat of intelligence (almost dead, very poisoned, chance to affect: 39%) Gastronok resists with some effort.
Aiming: Mindburst
Press: ? - help, Shift-Dir - straight line, f/p - Gastronok
Aim: Gastronok, wearing a +0 hat of intelligence (almost dead, very poisoned, chance to affect: 39%) Gastronok resists with some effort.
Aiming: Mindburst
Press: ? - help, Shift-Dir - straight line, f/p - Gastronok
Aim: Gastronok, wearing a +0 hat of intelligence (almost dead, very poisoned, chance to affect: 39%) Gastronok resists with some effort.
Gastronok waves his eye-stalks in wide circles.
The air twists around and strikes you!!
You die...

....#.....#....#....... .......
............#P........##.........
...............#......P#.........
.................#....##.........
..........#....P.#.....#.........
.........†...PP#.......#.........
.........†P....#.#.....#.........
..........#...>#.P...............
....>....<......s...w............
###.#P.##########.#...#####.#####
###### ####### *#


You could see Gastronok (very poisoned).

Vanquished Creatures
  Harold (D:8)
  2 hydras
  A death yak (D:10)
  2 two-headed ogres
  Pikel (D:7)
  A manticore (D:7)
  An elephant (D:10)
  Maurice (D:8)
  2 black mambas (Lair:2)
  3 cane toads
  4 komodo dragons
  5 blink frogs (Lair:3)
  A wraith (D:9)
  A vampire (D:9)
  15 yaks
  3 basilisks
  2 steam dragons
  Menkaure (D:7)
  6 water moccasins
  2 sky beasts
  2 necrophages
  4 ice beasts
  3 orc warriors
  A hornet zombie (D:8)
  6 ogres
  3 black bears
  4 centaurs
  A lemure (D:7)
  A phantom (D:4)
  8 bullfrogs
  Blork the orc (D:4)
  A gnoll sergeant (D:7)
  2 scorpions
  A wyvern skeleton (D:5)
  5 killer bees
  4 wights (D:7)
  3 howler monkeys (D:7)
  An electric eel (Lair:2)
  2 centaur zombies
  Crazy Yiuf (D:4)
  A bullfrog zombie (D:6)
  3 hounds
  3 jellies (D:6)
  5 orc priests
  3 centaur skeletons
  A bullfrog skeleton (D:6)
  8 orc wizards
  2 iguanas
  A howler monkey zombie (D:10)
  2 adders
  4 gnolls (D:7)
  A white imp (D:7)
  An ufetubus (D:5)
  A worm (D:4)
  2 dart slugs
  23 orcs
  4 ball pythons
  13 endoplasms
  A giant cockroach (D:3)
  5 goblins
  5 hobgoblins
  8 jackals
  2 quokkas
  6 bats
  4 frilled lizards
  5 kobolds
  2 rats
225 creatures vanquished.

Vanquished Creatures (collateral kills)
  A yak (Lair:2)
1 creature vanquished.

Vanquished Creatures (others)
  A bat (D:3)
  A giant cockroach (D:3)
  2 goblins (D:3)
  2 hobgoblins (D:3)
  A kobold (D:3)
  A frilled lizard (D:3)
  A rat (D:3)
  A plant (Lair:3)
10 creatures vanquished.

Grand Total: 236 creatures vanquished

Notes
Turn   | Place    | Note
-------+----------+-------------------------------------------
     0 | D:1      | Jabberih the Octopode Transmuter began the quest for the
                  | Orb.
     0 | D:1      | Reached XP level 1. HP: 13/13 MP: 3/3
    12 | D:1      | Found a faded altar of an unknown god.
   291 | D:1      | Reached XP level 2. HP: 13/18 MP: 3/5
   950 | D:2      | Reached skill level 4 in Unarmed Combat
  1052 | D:2      | Reached XP level 3. HP: 18/23 MP: 6/6
  1394 | D:2      | Learned a level 2 spell: Wereblood
  1400 | D:2      | Learned a level 3 spell: Spider Form
  1594 | D:3      | Reached skill level 1 in Stealth
  1996 | D:3      | Reached XP level 4. HP: 21/28 MP: 5/7
  2536 | D:3      | Found a shimmering altar of Xom.
  2643 | D:3      | Noticed an ogre
  2662 | D:3      | Killed an ogre
  2663 | D:3      | Reached skill level 5 in Unarmed Combat
  2663 | D:3      | Reached XP level 5. HP: 33/33 MP: 5/8
  2830 | D:4      | Noticed an ogre
  2836 | D:4      | Noticed an ogre
  2839 | D:4      | Killed an ogre
  2840 | D:4      | Reached skill level 6 in Unarmed Combat
  2840 | D:4      | Reached XP level 6. HP: 38/38 MP: 5/9
  2847 | D:4      | Reached skill level 7 in Unarmed Combat
  3154 | D:4      | Reached skill level 1 in Poison Magic
  3154 | D:4      | Reached XP level 7. HP: 41/43 MP: 6/10
  3190 | D:4      | Found a sparkling altar of Nemelex Xobeh.
  3190 | D:4      | Found a shadowy altar of Dithmenos.
  3284 | D:4      | Reached skill level 8 in Unarmed Combat
  3322 | D:4      | Found a runed translucent door.
  3323 | D:4      | Noticed Crazy Yiuf
  3390 | D:4      | Found a broken altar of Ashenzari.
  3421 | D:4      | Noticed Blork the orc
  3424 | D:4      | Became a worshipper of Ashenzari the Shackled
  3446 | D:4      | Killed Blork the orc
  3561 | D:4      | Learned a level 4 spell: Ice Form
  3640 | D:4      | Reached skill level 9 in Unarmed Combat
  3640 | D:4      | Reached XP level 8. HP: 30/48 MP: 9/11
  3849 | D:4      | Found a radiant altar of Vehumet.
  3909 | D:4      | Killed Crazy Yiuf
  4158 | D:5      | Entered Level 5 of the Dungeon
  4237 | D:5      | HP: 1/48 [something (5)]
  4647 | D:5      | HP: 2/48 [something (6)]
  4908 | D:5      | Noticed a two-headed ogre
  5041 | D:5      | Killed a two-headed ogre
  5042 | D:5      | Reached skill level 10 in Unarmed Combat
  5194 | D:5      | Reached XP level 9. HP: 39/54 MP: 7/12
  5473 | D:5      | Reached skill level 11 in Unarmed Combat
  5774 | D:6      | Identified the ring "Orhiam" {rElec rPois Will+ rCorr}
  7048 | D:7      | Found an opulent altar of Gozag.
  7226 | D:7      | Noticed Menkaure
  7233 | D:7      | Killed Menkaure
  7234 | D:7      | Reached XP level 10. HP: 65/65 MP: 11/13
  7524 | D:7      | Noticed Pikel
  7543 | D:7      | Killed Pikel
  7544 | D:7      | Reached skill level 12 in Unarmed Combat
  7544 | D:7      | Reached skill level 5 in Transmutations
  7722 | D:7      | Noticed a manticore
  7740 | D:7      | Killed a manticore
  7741 | D:7      | Reached skill level 5 in Dodging
  8054 | D:7      | Learned a level 3 spell: Confusing Touch
  8064 | D:7      | Identified the +1 robe of the Orcish Mines {*Slow Fly rN+
                  | Str+2}
  8573 | D:7      | Found a staircase to the Ecumenical Temple.
  8595 | Temple   | Entered the Ecumenical Temple
  8931 | D:8      | Found Ucair's Magic Scroll Shop.
  8975 | D:8      | Bought a scroll of blinking for 105 gold pieces
  9011 | D:8      | Noticed Maurice
  9020 | D:8      | Killed Maurice
  9021 | D:8      | Reached skill level 5 in Fighting
  9259 | D:8      | Reached * piety under Ashenzari
  9501 | D:8      | Noticed Harold
  9511 | D:8      | Killed Harold
  9802 | D:9      | Reached skill level 1 in Evocations
  9808 | D:9      | Reached XP level 11. HP: 66/75 MP: 15/15
  9965 | D:9      | Found Efirghafi's Distillery.
  9973 | D:9      | Bought a potion of heal wounds for 70 gold pieces
  9998 | D:9      | Reached ** piety under Ashenzari
 10017 | D:9      | Identified the +0 leather armour of Toush {Stlth+}
 10018 | D:9      | Found a runed translucent door.
 10069 | D:9      | Found a hide-covered altar of Uskayaw.
 10137 | D:9      | Found an iron altar of Okawaru.
 10213 | D:9      | Found a blossoming altar of Fedhas.
 10220 | D:9      | Reached skill level 1 in Ice Magic
 10348 | D:9      | Found a white marble altar of Elyvilon.
 10453 | D:9      | Found a staircase to the Orcish Mines.
 10501 | D:9      | Reached skill level 13 in Unarmed Combat
 10516 | D:9      | Found Nym Oso's Weapon Emporium.
 10683 | D:9      | Noticed a two-headed ogre
 10704 | D:9      | Killed a two-headed ogre
 11599 | D:10     | Entered Level 10 of the Dungeon
 11690 | D:10     | Learned a level 1 spell: Animate Skeleton
 11698 | D:10     | Found a staircase to the Lair.
 11698 | D:10     | Noticed a death yak
 11719 | D:10     | Killed a death yak
 12080 | D:10     | Found a shimmering blue altar of Sif Muna.
 12195 | D:10     | Identified the +0 robe "Ralezai" {Drain rPois Str+5 Dex+2}
 12622 | Lair:1   | Entered Level 1 of the Lair of Beasts
 12637 | Lair:1   | Noticed a six-headed hydra
 12894 | D:10     | Killed a six-headed hydra
 13299 | Lair:1   | Reached skill level 5 in Stealth
 13322 | Lair:1   | Noticed a five-headed hydra
 13326 | Lair:1   | Killed a five-headed hydra
 13763 | Lair:1   | Found a runed translucent door.
 13763 | Lair:1   | Noticed BOMJPIETVODKU's ghost (journeyman DDFi)
 13851 | Lair:1   | Reached XP level 12. HP: 85/85 MP: 15/17
 14241 | Lair:2   | Reached skill level 14 in Unarmed Combat
 14442 | Lair:2   | Found a staircase to the Snake Pit.
 14450 | Lair:2   | Identified the +8 scale mail of Riyrat {rElec rN+ Dex-3}
 14845 | Lair:2   | Identified the +1 ring mail of Piwemud {rC- Dex+5 SInv}
 14989 | Lair:3   | Reached skill level 5 in Evocations
 15171 | Lair:3   | Noticed Gastronok
 15187 | Lair:3   | HP: 1/87 [Gastronok (38)]
 15203 | Lair:3   | Killed from afar by Gastronok

Illustrated notes

Levels and vault maps discovered:
D:1:      amcnicky_arrival_gap_in_the_tavern_cellar, layout_rooms,
          ebering_ecumenical_altar_abandoned
D:2:      layout_basic, hex_intersection
D:3:      layout_basic, xom_confusion_cloud, grunt_decor_resistance,
          chequers_serial_rivers_micro_a, minivault_23, minmay_misc_feat_room,
          minmay_shallow_snake_nest
D:4:      layout_basic, general_overflow_altar,
          gammafunk_temple_overflow_statue, ashenzari_conservatory_becter,
          uniq_crazy_yiuf_cottage, uniq_blork_the_orc
D:5:      layout_basic
D:6:      layout_loops_cross
D:7:      layout_loops_corners, nicolae_gozag_cash_rules_everything_around_me,
          temple_green, uniq_menkaure, uniq_pikel
D:8:      layout_basic, serial_shops,
          nicolae_shop_temple_entry_statues_fountains, corexii_corridor_pit,
          chequers_serial_rivers_micro_a, uniq_harold, uniq_maurice
D:9:      layout_irregular_city, eat_drink_and_be_merry_uskayaw,
          jmf_multi_god_temple, lemuel_coloured_pillars_altar, orc_0_dummy,
          serial_shops, shop, shop, chequers_serial_rivers_micro_a,
          lightli_church_of_beogh
D:10:     layout_basic, lemuel_blue_sif_altar, david_lair_generic
Temple:   minmay_temple_curvy_loop
Lair:1:   layout_regular_city, hellmonk_ghost_happy_afterlife, st_stairs_5,
          grunt_megastairs_5
Lair:2:   layout_cave_shapes, dummy_snake_entry, serial_bayou_pond_a,
          infiniplex_staircase_pool
Lair:3:   gammafunk_worm_tunnel, layout_long_grid, shoals_dummy_entry,
          uniq_gastronok

Skill      XL: |  1  2  3  4  5  6  7  8  9 10 11 12 |
---------------+-------------------------------------+-----
Unarmed Combat | 4 5 6 7 9 10 11 12 13 14 | 14.2
Stealth        | 1 5 6 |  6.9
Poison Magic   | 1 |  1.5
Fighting       | 4 5 6 7 |  7.5
Transmutations | 4 5 |  5.5
Dodging        | 4 6 7 |  7.6
Evocations     | 1 4 5 |  5.2
Ice Magic      | 2 |  2.4
Throwing       | |  0.2
Spellcasting   | |  2.0

Action                   |  1- 3 |  4- 6 |  7- 9 | 10-12 || total
-------------------------+-------+-------+-------+-------++-------
Melee: Unarmed           |    86 |    49 |   199 |   389 ||   723
       Tentacles         |    13 |     7 |     8 |     6 ||    34
       Constrict         |    19 |     2 |     9 |     8 ||    38
       Kick              |     5 |       |     1 |       ||     6
       Punch             |     2 |     1 |     7 |     2 ||    12
Throw: Dart              |       |       |     1 |     4 ||     5
 Cast: Beastly Appendage |     9 |       |     2 |       ||    11
       Spider Form       |     1 |     4 |    26 |    33 ||    64
       Wereblood         |       |       |     5 |    21 ||    26
       Ice Form          |       |       |     1 |    15 ||    16
       Animate Skeleton  |       |       |       |    21 ||    21
       Confusing Touch   |       |       |       |     2 ||     2
Invok: Curse Item        |       |       |     1 |     4 ||     5
Evoke: Wand              |       |       |     2 |     9 ||    11
  Use: Scroll            |     7 |       |       |       ||     7
       Potion            |       |       |     2 |     3 ||     5
 Stab: Sleeping          |     6 |     2 |     4 |     1 ||    13
Armor: Skin              |     9 |     4 |     6 |    24 ||    43
Dodge: Dodged            |    66 |    32 |   128 |   382 ||   608
